 Dungeon Crawl Stone Soup version 0.21.1-1-g345015fe64 (webtiles) character file.

1393 Hercules1031 the Chopper (level 8, 0/71 HPs)
             Began as a Hill Orc Fighter on June 10, 2018.
             Was an Initiate of Makhleb.
             Slain by an ogre
             ... wielding a +0 giant spiked club
              (3 damage)
             ... on level 6 of the Dungeon.
             The game lasted 00:25:32 (5681 turns).

Hercules1031 the Chopper (Hill Orc Fighter)         Turns: 5681, Time: 00:25:34

Health: 0/71       AC:  9    Str: 21    XL:     8   Next: 68%
Magic:  8/8        EV:  9    Int:  8    God:    Makhleb [......]
Gold:   191        SH:  2    Dex: 10    Spells: 7/7 levels left

rFire    . . .     SeeInvis +   v - +4 battleaxe
rCold    . . .     Gourm    .   (shield currently unavailable)
rNeg     . . .     Faith    .   b - +0 scale mail
rPois    .         Spirit   .   (no helmet)
rElec    .         Reflect  +   A - +0 cloak
rCorr    .         Harm     .   (no gloves)
MR       .....                  (no boots)
Stlth    +.........             j - +2 amulet of reflection
HPRegen  0.21/turn              h - ring of see invisible
MPRegen  0.11/turn              (no ring)

@: heavily drained
A: camouflage 1, shaggy fur 1
a: Renounce Religion, Convert to Beogh


You were on level 6 of the Dungeon.
You worshipped Makhleb.
Makhleb was noncommittal.
You were not hungry.

You visited 2 branches of the dungeon, and saw 7 of its levels.

You collected 191 gold pieces.

Inventory:

Hand Weapons
 a - a +0 war axe
 s - a +5 flail
 t - a +4 morningstar
 u - a cursed +2 dagger
 v - a +4 battleaxe (weapon)
 w - a +4 dagger
 y - a +4 quarterstaff of chaos
Armour
 b - a +0 scale mail (worn)
 c - a +1 shield
 m - a -2 chain mail
 A - a +0 cloak (worn)
Jewellery
 h - a ring of see invisible (left hand)
 j - a +2 amulet of reflection (around neck)
 q - a cursed ring of loudness
 r - an uncursed ring of magical power {unknown}
Scrolls
 g - a scroll of fog
 l - a scroll of teleportation
 p - a scroll of fear
 x - a scroll of magic mapping
Potions
 d - a potion of might
Comestibles
 k - 11 rations


   Skills:
 + Level 6.5(5.2) Fighting
 + Level 7.0(6.4) Axes
 - Level 4.5 Maces & Flails
 + Level 6.0(4.7) Armour
 + Level 6.0(4.6) Shields


You had 7 spell levels left.
You didn't know any spells.

Dungeon Overview and Level Annotations

Branches:
Dungeon (6/15)             Temple (1/1) D:4

Altars:
Elyvilon
Hepliaklqana
Makhleb
Sif Muna
Uskayaw
The Shining One


Innate Abilities, Weirdness & Mutations

Your skin changes colour to match your surroundings (Stealth+).
You are covered in fur. (AC +1)


Message History

The ogre is moderately wounded.
The ogre hits you with a giant spiked club!
You hit the ogre.
The ogre is heavily wounded.
The orc priest shouts, "Surrender to Beogh and we'll let you live!"
The ogre barely misses you.
You hit the ogre.
The ogre is heavily wounded.
The ogre hits you with a giant spiked club!!
* * * LOW HITPOINT WARNING * * *
You completely miss the ogre.
The ogre is heavily wounded.
The ogre barely misses you.
You barely miss the ogre.
The ogre is heavily wounded.
The orc priest calls down the wrath of Beogh upon you.
Beogh smites you!
* * * LOW HITPOINT WARNING * * *
The ogre hits you with a giant spiked club.
You die...

,,,,* ♣S♣♣ #...........# #....
**,,* ♣♣o♣ #...........# #....
**,,* ♣o♣♣ #...........# #....
,,,,* ♣♣)♣♣ #...........###....
(,,,* ♣)oo♣♣ #..#.######.#......
..,,* ♣....♣ ##.#.# #..†......
...,* ##..## #....# #.........
....###....#####)### #.........
..............oO@# #.........
...........(...### ##.#..#.#.
...............# ####.####.#.
...............# #...........
...............# #.##.####.#.
.............O.# #.##......#.
...>...........#######.########..
...............#...........# #..
...............#...........# #[[


You could see an ogre and an orc priest.

Vanquished Creatures
  Menkaure (D:6)
  The ghost of Ivernyr the Slasher, an amateur VSMo (D:3)
  A water moccasin (D:6)
  An ice beast (D:6)
  Purgy (D:3)
  A sky beast (D:6)
  A bullfrog (D:6)
  A scorpion (D:3)
  5 wights (D:6)
  2 crimson imps
  2 hounds
  Crazy Yiuf (D:6)
  A gnoll shaman (D:5)
  An orc wizard (D:6)
  2 iguanas (D:6)
  A hound zombie (D:5)
  8 gnolls
  7 adders
  A shadow imp (D:6)
  A dart slug (D:1)
  2 leopard geckos (D:1)
  8 orcs
  4 giant cockroaches (D:1)
  6 goblins
  11 hobgoblins
  8 jackals
  A quokka (D:4)
  A ball python (D:1)
  8 bats
  3 frilled lizards
  8 kobolds
  A quokka skeleton (D:5)
  6 rats
107 creatures vanquished.

Notes
Turn   | Place    | Note
-------+----------+-------------------------------------------
     0 | D:1      | Hercules1031 the Hill Orc Fighter began the quest for the Orb.
     0 | D:1      | Reached XP level 1. HP: 19/19 MP: 1/1
   289 | D:1      | Reached skill level 3 in Axes
   313 | D:1      | Reached XP level 2. HP: 19/27 MP: 2/2
   908 | D:1      | Reached XP level 3. HP: 32/33 MP: 3/3
  1092 | D:2      | Reached skill level 4 in Axes
  1509 | D:2      | Reached XP level 4. HP: 40/40 MP: 4/4
  1518 | D:2      | Found a hide-covered altar of Uskayaw.
  1839 | D:3      | Noticed Purgy
  1849 | D:3      | Noticed Ivernyr's ghost (amateur VSMo)
  1857 | D:3      | Killed Purgy
  1857 | D:3      | Reached skill level 5 in Axes
  1857 | D:3      | Reached XP level 5. HP: 17/47 MP: 5/5
  1863 | D:3      | Killed Ivernyr's ghost
  1863 | D:3      | Reached XP level 6. HP: 5/55 MP: 6/6
  2284 | D:3      | Found a white marble altar of Elyvilon.
  2451 | D:3      | Reached skill level 6 in Axes
  2570 | D:3      | Found a deep blue altar of Sif Muna.
  2606 | D:3      | Reached skill level 5 in Fighting
  2879 | D:4      | Found a staircase to the Ecumenical Temple.
  2890 | Temple   | Entered the Ecumenical Temple
  2913 | Temple   | Became a worshipper of Makhleb the Destroyer
  3170 | D:4      | Reached XP level 7. HP: 55/61 MP: 7/7
  3395 | D:5      | Entered Level 5 of the Dungeon
  3849 | D:6      | Reached skill level 5 in Armour
  3960 | D:6      | Reached skill level 5 in Shields
  3973 | D:6      | Reached skill level 1 in Maces & Flails
  3987 | D:6      | Noticed Menkaure
  4014 | D:6      | Killed Menkaure
  4014 | D:6      | Reached XP level 8. HP: 29/70 MP: 8/8
  5137 | D:6      | Found a runed door.
  5141 | D:6      | Noticed Crazy Yiuf
  5145 | D:6      | Killed Crazy Yiuf
  5186 | D:6      | Gained mutation: Your mind is acute. (Int +2) [potion of mutation]
  5186 | D:6      | Gained mutation: You are agile. (Dex +2) [potion of mutation]
  5189 | D:6      | Lost mutation: You are agile. (Dex +2) [potion of mutation]
  5189 | D:6      | Lost mutation: Your mind is acute. (Int +2) [potion of mutation]
  5189 | D:6      | Gained mutation: Your skin changes colour to match your surroundings (Stealth+). [potion of mutation]
  5189 | D:6      | Gained mutation: You are covered in fur. (AC +1) [potion of mutation]
  5674 | D:6      | Reached skill level 7 in Axes
  5681 | D:6      | HP: 3/71 [orc priest/divine providence (10)]
  5681 | D:6      | Slain by an ogre

Skill      XL: |  1  2  3  4  5  6  7  8 |
---------------+-------------------------+-----
Axes           | 3 4 5 6 7 |  7.0
Fighting       | 4 5 6 |  6.5
Armour         | 4 5 6 |  6.0
Shields        | 4 5 6 |  6.0
Maces & Flails | 2 4 |  4.5

Action                   |  1- 3 |  4- 6 |  7- 9 || total
-------------------------+-------+-------+-------++-------
Melee: War axe           |   110 |   171 |    45 ||   326
       Flail             |       |       |    84 ||    84
       Battleaxe         |       |       |    12 ||    12
  Use: Scroll            |     6 |     3 |     5 ||    14
       Potion            |       |     3 |    13 ||    16
  Eat: Ration            |     3 |     2 |     1 ||     6
Armor: Scale mail        |    67 |    10 |    36 ||   113
       Chain mail        |       |    88 |    24 ||   112
       Skin              |       |       |     2 ||     2
Dodge: Dodged            |    46 |    38 |    32 ||   116
Block: Shield            |    63 |   111 |   127 ||   301
       Other             |       |       |     3 ||     3
